AoeStats
← deer lu

Arena

504792560Analyzed
2v2 RM · 27d ago on Sep 6, 2026· 28m 37s· 4 players
Game mode
Random Map
Map size
Medium (4 player)
Population
200
Speed
Normal
Resources
Standard
Victory
Conquest
Starting age
Dark Age
Ending age
Imperial Age
RankedLock teamsTeams togetherTeam positionsShared explorationLock speedFull tech treeHidden civsTurbo modeCheats
Victory
Defeat
🇪🇸 Franks · Spain
481
+10
🇪🇸 Spanish · Spain
441
+12
🇺🇸 Poles · United States
382
-12
🇨🇳 Huns · China
312
-10
deer lu
6:10 Loom
11:09 Feudal Age
11:53 Horse Collar
13:23 Double-Bit Axe
14:35 Wheelbarrow
15:59 Gold Mining
16:00 Stone Mining
18:07 Bloodlines
20:33 Forging
20:30 Scale Barding Armor
21:41 Bloodlines
25:21 Castle Age
26:42 Hand Cart
26:32 Heavy Plow
27:27 Gold Shaft Mining
Alpacapete
6:39 Loom
6:57 Loom
11:16 Feudal Age
11:42 Double-Bit Axe
11:40 Horse Collar
18:29 Gold Mining
22:02 Castle Age
21:07 Bloodlines
22:19 Scale Barding Armor
22:57 Forging
24:01 Heavy Plow
26:17 Husbandry
25:41 Light Cavalry
27:09 Bow Saw
nobutora
4:05 Loom
10:37 Feudal Age
11:04 Double-Bit Axe
12:04 Wheelbarrow
13:00 Stone Mining
15:33 Gold Mining
20:49 Castle Age
20:41 Fletching
20:57 Pikeman
21:58 Forging
22:06 Hand Cart
22:29 Fletching
23:02 Town Watch
25:21 Gold Shaft Mining
24:59 Crossbowman
26:00 Husbandry
26:25 Murder Holes
26:51 Ballistics
26:42 Fortified Wall
27:41 Bow Saw
29:38 Iron Casting
29:04 Scale Mail Armor
Sean Coia
2:14 Loom
12:59 Feudal Age
13:04 Man-at-Arms
17:52 Double-Bit Axe
19:17 Wheelbarrow
27:23 Horse Collar
30:56 Castle Age
Connection lost

Rejoining the realm…

Still unreachable

The connection could not be restored.

Session expired

The server has moved on; the page needs a fresh start.